 Dungeon Crawl Stone Soup version 0.17.0-7-gfadd4cc (webtiles) character file.

10218 4thArraOfDagon the Bludgeoner (level 11, -1/111 HPs)
             Began as an Ogre Hunter on Nov 8, 2015.
             Was a Priest of Makhleb.
             Slain by an orc warrior
             ... wielding a +1 dire flail of draining
              (23 damage)
             ... on level 2 of the Orcish Mines.
             The game lasted 00:34:15 (5664 turns).

4thArraOfDagon the Bludgeoner (Ogre Hunter)         Turns: 5664, Time: 00:34:15

Health: -1/111     AC:  6    Str: 19    XL:     11   Next: 58%
Magic:  11/11      EV:  9    Int: 13    God:    Makhleb [***...]
Gold:   306        SH:  0    Dex:  8    Spells: 0 memorised, 10 levels left

rFire  . . .     SeeInvis .     F - +6 giant club
rCold  . . .     Clarity  .     d - +1 robe
rNeg   . . .     SustAt   +     (shield currently unavailable)
rPois  +         Gourm    .     (helmet restricted)
rElec  .         Spirit   .     K - +0 cloak
rCorr  .         Warding  .     (gloves unavailable)
rMut   .         Stasis   .     (boots unavailable)
MR     ++...                    (no amulet)
Stlth  +.........               s - ring of poison resistance
                                r - ring of sustain attributes

@: drained, very resistant to hostile enchantments, very unstealthy
A: unfitting armour, clumsy 1, magic resistance 1, shaggy fur 1, tough skin 1
a: Minor Destruction, Lesser Servant of Makhleb, Renounce Religion


You were on level 2 of the Orcish Mines.
You worshipped Makhleb.
Makhleb was most pleased with you.
You were not hungry.

You visited 3 branches of the dungeon, and saw 15 of its levels.

You collected 906 gold pieces.
You spent 600 gold pieces at shops.

Inventory:

Hand Weapons
 a - a cursed -3 giant spiked club
 b - a +0 giant club
 c - a +0 short sword
 f - a +0 flail
 i - a +0 club
 k - a +0 spear
 l - a +0 morningstar
 n - a +3 dire flail of holy wrath
 F - a +6 giant club (weapon)
 G - the +10 quarterstaff "Guh Rot" {crush, rF+ Str+3 Int+2 Stlth+}
   (You found it on level 10 of the Dungeon)

   It inflicts extra damage upon your enemies.
   It affects your strength (+3).
   It affects your intelligence (+2).
   It protects you from fire.
   It makes you more stealthy.
Missiles
 C - 3 large rocks (quivered)
 H - a throwing net
Armour
 d - a +1 robe (worn)
 K - a +0 cloak (worn)
Rods
 z - a +0 lightning rod (9/9)
   (You found it on level 7 of the Dungeon)
Jewellery
 m - an uncursed ring of protection from fire
 r - a ring of sustain attributes (left hand)
 s - a ring of poison resistance (right hand)
 v - an uncursed ring of protection from cold
 w - an uncursed amulet of resist mutation
Wands
 y - a wand of frost (17)
 J - a wand of digging (12)
Scrolls
 p - 3 scrolls of remove curse
 x - a scroll of enchant weapon
 D - 2 scrolls of enchant armour
Potions
 t - a potion of mutation {unknown}
 u - a potion of ambrosia {unknown}
 B - 2 potions of brilliance
 E - a potion of flight {unknown}
 I - a potion of magic
Comestibles
 e - 2 bread rations
 g - 4 chunks of flesh
 h - 3 fruits
 q - 2 meat rations


   Skills:
 - Level 8.0(7.1) Fighting
 * Level 20.0(18.8) Maces & Flails
 - Level 4.0(3.1) Throwing
 - Level 1.7(0.9) Dodging
 - Level 0.7(0.0) Stealth


You had 10 spell levels left.
You didn't know any spells.

Dungeon Overview and Level Annotations

Branches:
Dungeon (11/15)            Temple (1/1) D:7            Lair (0/8) D:9
    Orc (3/4) D:10            Elf (0/3) Orc:3

Altars:
Dithmenos
Elyvilon
Fedhas
Gozag
Makhleb
Okawaru
Sif Muna
Vehumet
Xom
Yredelemnul
The Shining One

Shops:
D:10 *

Portals:
Bazaar: D:11

Annotations:
D:2 Sigmund
D:3 chonchonts's ghost, amateur MiFi
D:5 Pikel
D:11 Nergalle; Urug


Innate Abilities, Weirdness & Mutations

You are too large for most types of armour.
You have tough skin (AC +1).
You are clumsy. (Dex -2)
You are resistant to hostile enchantments.
You are covered in fur (AC +1).


Message History

Here: an orc, wielding a dagger and wearing a leather armour A flail.
The floor, spattered with blood.
Unknown command.
Press: ? - help, v - describe, . - travel
Here: an orc warrior, wielding a dire flail of draining and wearing a plate armour (lightly wounded)
The floor.
Unknown command.
You sock the orc warrior!
The orc warrior is moderately wounded.
The orc warrior hits you with a dire flail of draining!
* * * LOW HITPOINT WARNING * * *
You feel drained.
* * * LOW HITPOINT WARNING * * *
Unknown command.
You bludgeon the orc warrior!!
The orc warrior is almost dead.
The orc completely misses you. The orc barely misses you.
The orc warrior hits you with a dire flail of draining!!
You die...

....# ...... .....
#..... ..... #.....
...... #.....###
####......
#.......###..#......
.#.........@o........
........().oo......$.
..#.#.>[..[.<...#.#
##..........#
##......#.##
#......### ###...##
#...# #####


You could see an orc warrior and 2 orcs.

Vanquished Creatures
  Erolcha (D:9)
  A hill giant (D:10)
  A wyvern (D:10)
  A deep elf mage (D:9)
  A hungry ghost (D:11)
  A mottled dragon (D:11)
  A shadow (D:11)
  Edmund (D:5)
  8 orc warriors (Orc:2)
  2 phantoms
  A slave (D:4)
  An ice beast (D:9)
  A black bear (D:9)
  A sky beast (D:6)
  4 ogres
  4 centaurs
  5 giant frogs
  A water moccasin skeleton (D:10)
  4 wights
  2 scorpions
  A crimson imp (D:6)
  A killer bee (D:9)
  5 iguanas
  A centaur zombie (D:8)
  2 giant frog skeletons
  2 hounds (D:8)
  13 orc wizards
  A jelly (D:8)
  4 orc priests
  3 worker ants
  2 hound skeletons
  3 adders
  2 shadow imps
  An adder zombie (D:8)
  2 adder skeletons
  3 giant geckos
  59 orcs
  4 bats
  3 hobgoblins
  4 quokkas
  A ball python (D:4)
  4 giant cockroaches
  A giant gecko skeleton (D:5)
  A giant gecko zombie (D:8)
  4 giant newts
  4 goblins
  6 kobolds
  A quokka skeleton (D:7)
  3 rats
183 creatures vanquished.

Notes
Turn   | Place    | Note
--------------------------------------------------------------
     0 | D:1      | 4thArraOfDagon the Ogre Hunter began the quest for the Orb.
     0 | D:1      | Reached XP level 1. HP: 22/22 MP: 1/1
   148 | D:3      | Reached skill level 1 in Maces & Flails
   148 | D:3      | Reached XP level 2. HP: 31/31 MP: 2/2
   160 | D:3      | Noticed an orc priest
   230 | D:2      | Noticed Sigmund
   770 | D:2      | Reached XP level 3. HP: 27/37 MP: 3/3
   851 | D:3      | Noticed a centaur
  1160 | D:3      | Noticed chonchonts's ghost (amateur MiFi)
  1279 | D:4      | Found a white marble altar of Elyvilon.
  1295 | D:4      | Reached XP level 4. HP: 45/45 MP: 4/4
  1365 | D:5      | Entered Level 5 of the Dungeon
  1390 | D:5      | Reached skill level 5 in Maces & Flails
  1410 | D:5      | Noticed Edmund
  1430 | D:5      | Killed Edmund
  1430 | D:5      | Reached skill level 6 in Maces & Flails
  1430 | D:5      | Reached XP level 5. HP: 53/53 MP: 5/5
  1482 | D:5      | Noticed a slave
  1482 | D:5      | Noticed a slave
  1482 | D:5      | Noticed a slave
  1482 | D:5      | Noticed a slave
  1484 | D:5      | Noticed Pikel
  1503 | D:4      | Killed a slave
  1504 | D:4      | Noticed an ogre
  1516 | D:4      | Killed an ogre
  1516 | D:4      | Reached skill level 7 in Maces & Flails
  1516 | D:4      | Reached XP level 6. HP: 6/61 MP: 6/6
  1737 | D:4      | Found a shimmering altar of Xom.
  1745 | D:4      | Reached skill level 8 in Maces & Flails
  1926 | D:6      | Reached skill level 9 in Maces & Flails
  1926 | D:6      | Reached XP level 7. HP: 45/67 MP: 7/7
  2199 | D:6      | Reached skill level 10 in Maces & Flails
  2222 | D:6      | Found an iron altar of Okawaru.
  2295 | D:6      | Gained mutation: You are clumsy. (Dex -2) [mutagenic meat]
  2296 | D:6      | Gained mutation: You are resistant to hostile enchantments. [mutagenic meat]
  2297 | D:6      | Gained mutation: You are covered in fur (AC +1). [mutagenic meat]
  2480 | D:6      | Reached XP level 8. HP: 71/75 MP: 8/8
  2578 | D:7      | Found a basalt altar of Yredelemnul.
  2612 | D:7      | Reached skill level 11 in Maces & Flails
  2729 | D:7      | Found a staircase to the Ecumenical Temple.
  2756 | Temple   | Entered the Ecumenical Temple
  2757 | Temple   | :(
  2757 | Temple   | time to die
  2764 | Temple   | Became a worshipper of Makhleb the Destroyer
  2922 | D:6      | Reached skill level 12 in Maces & Flails
  3337 | D:8      | Reached skill level 13 in Maces & Flails
  3631 | D:9      | Reached XP level 9. HP: 61/81 MP: 9/9
  3687 | D:9      | Reached skill level 14 in Maces & Flails
  3705 | D:9      | Found a glowing golden altar of the Shining One.
  3735 | D:9      | Found a staircase to the Lair.
  3736 | D:9      | Noticed Erolcha
  3749 | D:9      | Killed Erolcha
  3749 | D:9      | Reached skill level 15 in Maces & Flails
  3783 | D:9      | Reached * piety under Makhleb
  3918 | D:9      | Reached skill level 16 in Maces & Flails
  4009 | D:10     | Entered Level 10 of the Dungeon
  4009 | D:10     | Found a staircase to the Orcish Mines.
  4024 | D:10     | Noticed a hill giant
  4040 | D:10     | Killed a hill giant
  4040 | D:10     | Reached XP level 10. HP: 16/91 MP: 10/10
  4081 | D:10     | Found Eqado's General Store.
  4086 | D:10     | Got an encrusted quarterstaff
  4090 | D:10     | Identified the +10 quarterstaff "Guh Rot" {crush, rF+ Str+3 Int+2 Stlth+} (You found it on level 10 of the Dungeon)
  4380 | D:10     | Reached skill level 17 in Maces & Flails
  4417 | D:11     | :(
  4458 | D:11     | rip
  4459 | D:11     | HP: 4/91 [poisoned by a centaur]
  4552 | D:11     | Noticed Nergalle
  4557 | D:11     | Noticed a spectral orc warlord
  4702 | D:11     | Found a flickering gateway to a bazaar.
  4712 | D:11     | Noticed Urug
  4853 | Orc:1    | Entered Level 1 of the Orcish Mines
  4934 | Orc:1    | Reached ** piety under Makhleb
  5271 | D:10     | Bought a potion of experience for 600 gold pieces
  5271 | D:10     | Reached skill level 19 in Maces & Flails
  5271 | D:10     | Reached XP level 11. HP: 97/111 MP: 11/11
  5413 | Orc:2    | Reached *** piety under Makhleb
  5559 | Orc:2    | Reached skill level 20 in Maces & Flails
  5597 | Orc:3    | Noticed an orc knight
  5613 | Orc:3    | Found a staircase to the Elven Halls.
  5664 | Orc:2    | Slain by an orc warrior

Action                   |  1- 3 |  4- 6 |  7- 9 | 10-12 || total
-------------------------+-------+-------+-------+-------++-------
Melee: Morningstar       |    76 |    22 |       |       ||    98
       Short sword       |     2 |       |       |       ||     2
       Dire flail        |       |    31 |   155 |     8 ||   194
       Giant club        |       |       |    23 |   173 ||   196
       Quarterstaff      |       |       |       |    14 ||    14
Throw: Large rock        |    16 |     4 |    21 |     4 ||    45
       Throwing net      |     2 |     4 |     1 |       ||     7
       Stone             |       |       |    13 |       ||    13
Evoke: Wand              |       |       |     3 |     2 ||     5
  Use: Scroll            |     3 |     7 |     6 |     5 ||    21
       Potion            |       |     1 |     3 |     9 ||    13
 Stab: Sleeping          |     2 |       |       |       ||     2
  Eat: Chunk             |     1 |     1 |    13 |     5 ||    20
       Pizza             |       |     1 |       |       ||     1
       Fruit             |       |       |       |     4 ||     4
